 Dungeon Crawl Stone Soup version 0.30-a0-632-g346586fe48 (webtiles) character file.

Game seed: 4357080783800419939

63 OTABOTABOTAB the Conjurer (level 3, -15/19 HPs)
             Began as a Deep Elf Conjurer on Jan 13, 2023.
             Blown up by Ijyb (16 damage)
             ... with a mindburst bolt
             ... on level 3 of the Dungeon.
             The game lasted 00:04:09 (2324 turns).

OTABOTABOTAB the Conjurer (Deep Elf Conjurer)       Turns: 2324, Time: 00:04:10

Health: -15/19     AC:  3    Str:  4    XL:     3   Next: 89%
Magic:  1/10       EV: 12    Int: 24    God:
Gold:   79         SH:  0    Dex: 13    Spells: 6/9 levels left

rFire   . . .      SeeInvis .    c - +0 mace
rCold   . . .      Faith    .    (no shield)
rNeg    + . .      Spirit   .    a - +0 robe
rPois   .          Reflect  .    (no helmet)
rElec   .          Harm     .    (no cloak)
rCorr   .          Rampage  .    e - +0 pair of gloves
Will    .....                    (no boots)
Stlth   ++                       (no amulet)
HPRegen 0.23/turn                Z - ring of wizardry {Wiz+, !d}
MPRegen 0.12/turn                N - ring of positive energy {rN+}

@: no status effects
A: no striking features
a: no special abilities


You were on level 3 of the Dungeon.
You visited 1 branch of the dungeon, and saw 3 of its levels.

You collected 79 gold pieces.

Inventory:

Hand Weapons
 b - a +0 whip
   (You found it on level 1 of the Dungeon)
 c - a +0 mace (weapon)
   (You found it on level 1 of the Dungeon)
Missiles
 h - 4 boomerangs
 s - 39 stones
Armour
 a - a +0 robe (worn)
 e - a +0 pair of gloves (worn)
   (You found it on level 1 of the Dungeon)
Jewellery
 N - a ring of positive energy (right hand) {rN+}
   (You found it on level 2 of the Dungeon)
 Z - a ring of wizardry (left hand) {Wiz+, !d}
   (You found it on level 1 of the Dungeon)
Scrolls
 d - 2 scrolls of identify {unknown}
 g - a scroll of fog {unknown}
 j - a scroll of noise {unknown}
 m - a scroll of fear {unknown}
 n - a scroll of silence {unknown}
Potions
 f - a potion of resistance {unknown}
 i - a potion of curing {unknown}
 k - 2 potions of heal wounds {unknown}
 l - a potion of brilliance {unknown}
 o - a potion of flight {unknown}
 M - 2 potions of magic


   Skills:
 - Level 2.4 Dodging
 - Level 2.4 Stealth
 + Level 3.6 Spellcasting
 * Level 5.1 Conjurations
 + Level 2.0 Hexes
 + Level 1.5 Translocations


You had 6 spell levels left.
You knew the following spells:

 Your Spells              Type           Power      Damage    Failure   Level
a - Magic Dart            Conj           100%       1d8       1%          1
b - Searing Ray           Conj           58%        2d6       1%          2

Your spell library contained the following spells:

 Spells                   Type           Power      Damage    Failure   Level
 Dazzling Flash           Conj/Hex       42%        N/A       2%          3
 Freeze                   Ice            16%        1d4       4%          1
 Hailstorm                Conj/Ice       16%        3d6       4%          3
 Fulminant Prism          Conj/Hex       10%        3d9       9%          4
 Iskenderun's Mystic Bla  Conj/Tloc      20%        2d6       11%         4
 Frozen Ramparts          Ice            8%         1d2       12%         3
 Ozocubu's Armour         Ice            4%         N/A       12%         3
 Ozocubu's Refrigeration  Ice            2%         4d7       100%        7


Dungeon Overview and Level Annotations

Branches:
Dungeon (3/15)

Altars:

Annotations:
D:1 2 runed translucent doors
D:3 Ijyb, Jessica


Message History

You see here a +0 club.
You see here a ball python corpse.
There is a stone staircase leading down here.
Done exploring.
Done exploring.
Done exploring.
(D) Dungeon
Where to? (Enter - D:2 @ (x,y), ? - help)
You climb downwards.
There is a stone staircase leading up here.
You see here a +0 scale mail.
There is an open door here.
Ijyb the Twisted Goblin comes into view.
She is wielding a +0 club and carrying a wand of mindburst (15).
You can't see any susceptible monsters within range! (Use Z to cast anyway.)
The magic dart hits Ijyb.
Ijyb shouts!
Jessica the Apprentice Sorceress comes into view.
She is wielding a +0 dagger.
Ijyb zaps a wand.
Your mind is blasted!
Ouch! That really hurt!
* * * LOW HITPOINT WARNING * * *
You take 16 damage, and have 3/19 hp.
MASSIVE DAMAGE!!
You now have 9/10 mp.
There is a stone staircase leading up here.
You climb upwards.
There is a stone staircase leading down here.
You start resting.
Health restored: 19; MP restored: 10
There is a stone staircase leading down here.
You climb downwards.
Level annotation: Ijyb, Jessica
There is a stone staircase leading up here.
A kobold comes into view. It is wielding a +0 dagger.
The kobold shouts!
The kobold throws a stone.
The stone closely misses you.
The magic dart hits the kobold but does no damage.
The kobold throws a stone.
The stone closely misses you.
You now have 9/10 mp.
The magic dart hits the kobold.
You kill the kobold!
You now have 8/10 mp.
s - 39 stones (gained 3)
You see here a +0 dagger.
You open the door.
A quokka comes into view.
MP restored: 10 The magic dart hits the quokka.
You now have 9/10 mp.
The magic dart hits the quokka.
You kill the quokka!
You now have 8/10 mp.
No target in view!
There is an open door here.
Ijyb shouts!
Ijyb zaps a wand.
Your mind is blasted!
You take 5 damage, and have 14/19 hp.
MASSIVE DAMAGE!!
MP restored: 10 You don't know that spell.
There is an open door here.
You close the door.
You can't see that place. [the floor.]
Okay, then.
Ijyb breaks down the door.
Aim: Ijyb, wielding a +0 club, wearing a +0 leather armour and carrying a wand of mindburst (13) (74% to hit)
The searing ray hits Ijyb. (Press . to maintain the ray.)
You now have 8/10 mp.
The searing ray hits Ijyb.
You now have 7/10 mp.
The searing ray hits Ijyb.
You now have 6/10 mp.
The searing ray hits Ijyb but does no damage.
You finish channelling your searing ray.
Ijyb zaps a wand.
Your mind is blasted!
Ouch! That really hurt!
* * * LOW HITPOINT WARNING * * *
You take 15 damage, and have 3/19 hp.
MASSIVE DAMAGE!!
You now have 5/10 mp.
Aim: Ijyb, wielding a +0 club, wearing a +0 leather armour and carrying a wand of mindburst (12) (moderately wounded, 74% to hit)
The searing ray hits Ijyb. (Press . to maintain the ray.) Ijyb hits you with a +0 club.
* * * LOW HITPOINT WARNING * * *
You take 1 damage, and have 2/19 hp.
You now have 3/10 mp.
The searing ray hits Ijyb.
Ijyb zaps a wand.
Your mind is blasted!
* * * LOW HITPOINT WARNING * * *
You take 1 damage, and have 1/19 hp.
You now have 2/10 mp.
The searing ray hits Ijyb!
Ijyb zaps a wand.
Your mind is blasted!
Ouch! That really hurt!
You die...

#..........#
#..........#
#..........#
#...†......#
#..........#
######'#####
### #.# ..
#g# #. #@#
#.####.####
#.<..#....#
####.####.#
#.# #.# #)#
#.# #.####.#
#......#
########


You could see Ijyb.

Vanquished Creatures
  A gnoll (D:1)
  2 worms (D:2)
  7 endoplasms
  4 goblins
  2 hobgoblins (D:1)
  3 jackals (D:1)
  7 kobolds
  2 quokkas
  2 ball pythons (D:2)
  4 bats
  4 frilled lizards
  7 rats
45 creatures vanquished.

Vanquished Creatures (others)
  A plant (D:1)
1 creature vanquished.

Grand Total: 46 creatures vanquished

Notes
Turn   | Place    | Note
-------+----------+-------------------------------------------
     0 | D:1      | OTABOTABOTAB the Deep Elf Conjurer began the quest for the
                  | Orb.
     0 | D:1      | Reached XP level 1. HP: 10/10 MP: 6/6
    97 | D:1      | Found a large runed translucent door.
    97 | D:1      | Found a large runed translucent door.
    97 | D:1      | Noticed an orc wizard
    98 | D:1      | Noticed an orc wizard
    99 | D:1      | Noticed an orc warrior
   122 | D:1      | Noticed an orc wizard
   291 | D:1      | Reached XP level 2. HP: 15/15 MP: 6/8
   355 | D:1      | Learned a level 2 spell: Searing Ray
   434 | D:1      | Reached skill level 1 in Hexes
   586 | D:1      | Reached skill level 1 in Translocations
   757 | D:1      | Reached XP level 3. HP: 19/19 MP: 7/9
  1362 | D:2      | Reached skill level 5 in Conjurations
  1939 | D:2      | Reached skill level 2 in Hexes
  2148 | D:3      | Noticed Ijyb
  2149 | D:3      | Noticed Jessica
  2149 | D:3      | HP: 3/19 [disintegration (16)]
  2321 | D:3      | HP: 3/19 [disintegration (15)]
  2323 | D:3      | HP: 1/19 [disintegration (2)]
  2324 | D:3      | Blown up by Ijyb

Illustrated notes

Levels and vault maps discovered:
D:1:      erik_arrival_cave_to_civilisation [erik_arrival_cave_to_temple],
          layout_basic, nicolae_grassy_gnolls
D:2:      layout_basic, dreamdust_princess_bridge, supply_closet_lemuel,
          minmay_pentomino_r2
D:3:      layout_basic, uniq_jessica, uniq_ijyb

Skill      XL: |  1  2  3 |
---------------+----------+-----
Hexes          | 1 2 |  2.0
Translocations | 1 |  1.5
Conjurations   | 5 |  5.1
Dodging        | |  2.4
Stealth        | |  2.4
Spellcasting   | |  3.6

Action                   || total
-------------------------++-------
Melee: Mace              ||     4
 Cast: Magic Dart        ||    67
       Searing Ray       ||     5
Armor: Robe              ||     1
Dodge: Dodged            ||     3

Table legend: (Time is in decaauts)
 A = Elapsed time spent in this place.
 B = Non-inter-level travel time spent in this place.
 C = Inter-level travel time spent in this place.
 D = Time resting spent in this place.
 E = Time spent auto-exploring this place.
 F = Levels seen in this place.
 G = Mean time per level.
                   A        B        C        D        E       F      G
               +--------+--------+--------+--------+--------+-----+--------+
         Total |   2323 |   2214 |    109 |    117 |   1889 |   3 |  774.3 |
       Dungeon |   2323 |   2214 |    109 |    117 |   1889 |   3 |  774.3 |
               +--------+--------+--------+--------+--------+-----+--------+

Top non-repeatable levels by time:
     D:2: 1124 daAuts
     D:1: 965 daAuts
     D:3: 233 daAuts

Table legend:
 A = Kills in this place as a percentage of kills in entire the game.
 B = Kills by you in this place as a percentage of kills by you in the entire game.
 C = Kills by friends in this place as a percentage of kills by friends in the entire game.
 D = Other kills in this place as a percentage of other kills in the entire game.
 E = Experience gained in this place as a percentage of experience gained in the entire game.
 F = Experience gained in this place divided by the number of levels of this place that you have seen.
                   A       B       C       D       E      F
               +-------+-------+-------+-------+-------+----------------------
         Total | 100.0 | 100.0 |   N/A |   N/A | 100.0 |  30.3
       Dungeon | 100.0 | 100.0 |   N/A |   N/A | 100.0 |  30.3
               +-------+-------+-------+-------+-------+----------------------
